TOP OF THE 1ST |
---|
Bismarck Barons batting - Pitching for Bismark Border Guards : RHP Adrián Sandoval | Pitching: RHP Adrián Sandoval | | Batting: RHB Dave Anderson | 0-0: Ball 1-0: Ball 2-0: Foul Ball, location: 2F 2-1: Ball 3-1: Swinging Strike 3-2: Foul Ball, location: 2F 3-2: Fly out, F8 (Flyball, 8LD) | Batting: RHB Eugenio Maldonado | 0-0: Ball 1-0: Ground out 5-3 (Groundball, 56S) | Batting: RHB Dennis Garner | 0-0: Ball 1-0: Ball 2-0: Fly out, F4 (Popup, 34) | Top of the 1st over - 0 runs, 0 hits, 0 errors, 0 left on base; Bismarck 0 - Bismark 0 | BOTTOM OF THE 1ST |
---|
Bismark Border Guards batting - Pitching for Bismarck Barons : LHP César Galván | Pitching: LHP César Galván | | Batting: RHB Alfredo Farías | 0-0: Called Strike 0-1: Ball 1-1: Foul Ball, location: 2F 1-2: Strikes out looking | Batting: RHB Vincent Braun | 0-0: Fly out, F3 (Popup, 34) | Batting: RHB Jackson Gibson | 0-0: Ground out 1-3 (Groundball, 13) | Bottom of the 1st over - 0 runs, 0 hits, 0 errors, 0 left on base; Bismarck 0 - Bismark 0 | TOP OF THE 2ND |
---|
Bismarck Barons batting - Pitching for Bismark Border Guards : RHP Adrián Sandoval | Batting: LHB Corey MacGregor | 0-0: Ground out 3-1 (Groundball, 34S) | Batting: RHB Fernando Castellanos | 0-0: Called Strike 0-1: Ball 1-1: Ball 2-1: Ball 3-1: Ground out 6-3 (Groundball, 6) | Batting: RHB Xie-li Fong | 0-0: Ball 1-0: Swinging Strike 1-1: Ball 2-1: Called Strike 2-2: Foul Ball, location: 2F 2-2: Ball 3-2: Strikes out swinging | Top of the 2nd over - 0 runs, 0 hits, 0 errors, 0 left on base; Bismarck 0 - Bismark 0 | BOTTOM OF THE 2ND |
---|
Bismark Border Guards batting - Pitching for Bismarck Barons : LHP César Galván | Batting: RHB Danny Spode | 0-0: Called Strike 0-1: Fly out, F7 (Flyball, 78D) | Batting: RHB Mario Carranza | 0-0: Called Strike 0-1: Swinging Strike 0-2: Ball 1-2: Strikes out swinging | Batting: LHB Alan Moore | 0-0: Called Strike 0-1: Swinging Strike 0-2: Strikes out swinging | Bottom of the 2nd over - 0 runs, 0 hits, 0 errors, 0 left on base; Bismarck 0 - Bismark 0 | TOP OF THE 3RD |
---|
Bismarck Barons batting - Pitching for Bismark Border Guards : RHP Adrián Sandoval | Batting: LHB Jorge Fernández | 0-0: Called Strike 0-1: Fly out, F6 (Popup, 6MD) | Batting: RHB Mark Roy | 0-0: Called Strike 0-1: Ball 1-1: Called Strike 1-2: Foul Ball, location: 2F 1-2: Ground out 4-3 (Groundball, 34) | Batting: RHB Rubén Palma | 0-0: Ground out 5-3 (Groundball, 56S) | Top of the 3rd over - 0 runs, 0 hits, 0 errors, 0 left on base; Bismarck 0 - Bismark 0 | BOTTOM OF THE 3RD |
---|
Bismark Border Guards batting - Pitching for Bismarck Barons : LHP César Galván | Batting: RHB José Vidal | 0-0: Ball 1-0: Ball 2-0: Ball 3-0: Called Strike 3-1: Called Strike 3-2: Base on Balls | Batting: RHB Oliver Sánchez | 0-0: Ball 1-0: Ball 2-0: Ball 3-0: Called Strike 3-1: Base on Balls José Vidal to second | Batting: LHB Kelsey Scott | 0-0: Swinging Strike 0-1: Ball 1-1: SINGLE (Line Drive, 7S) José Vidal to third Oliver Sánchez to second | Batting: RHB Alfredo Farías | 0-0: Ball 1-0: Ball 2-0: Called Strike 2-1: Called Strike 2-2: Ball 3-2: Foul Ball, location: 2F 3-2: Strikes out swinging | Batting: RHB Vincent Braun | 0-0: Foul Ball, location: 2F 0-1: SINGLE (Line Drive, 7S) José Vidal scores Oliver Sánchez to third Kelsey Scott to second | Batting: RHB Jackson Gibson | 0-0: Ball 1-0: Ball 2-0: TRIPLE (Line Drive, 9D) Oliver Sánchez scores Kelsey Scott scores Vincent Braun scores | Batting: RHB Danny Spode | 0-0: SINGLE (Flyball, 89S) Jackson Gibson scores | Batting: RHB Mario Carranza | 0-0: Ball 1-0: Foul Ball, location: 2F 1-1: Fly out, F3 (Popup, 34S) | Batting: LHB Alan Moore | 0-0: Ball 1-0: Ball 2-0: Foul Ball, location: 2F 2-1: Swinging Strike 2-2: Strikes out looking | Bottom of the 3rd over - 5 runs, 4 hits, 0 errors, 1 left on base; Bismarck 0 - Bismark 5 | TOP OF THE 4TH |
---|
Bismarck Barons batting - Pitching for Bismark Border Guards : RHP Adrián Sandoval | Batting: RHB Dave Anderson | 0-0: Ball 1-0: Foul Ball, location: 2F 1-1: Swinging Strike 1-2: Strikes out swinging | Batting: RHB Eugenio Maldonado | 0-0: Called Strike 0-1: Fly out, F9 (Flyball, 9S) | Batting: RHB Dennis Garner | 0-0: Ball 1-0: Called Strike 1-1: Ball 2-1: SOLO HOME RUN (Flyball, 7D), Distance : 391 ft | Batting: LHB Corey MacGregor | 0-0: Ground out 6-3 (Groundball, 56) | Top of the 4th over - 1 run, 1 hit, 0 errors, 0 left on base; Bismarck 1 - Bismark 5 | BOTTOM OF THE 4TH |
---|
Bismark Border Guards batting - Pitching for Bismarck Barons : LHP César Galván | Batting: RHB José Vidal | 0-0: Ball 1-0: Foul Ball, location: 2F 1-1: Ball 2-1: Called Strike 2-2: Fly out, F7 (Flyball, 7) | Batting: RHB Oliver Sánchez | 0-0: Called Strike 0-1: Ball 1-1: Ground out 4-3 (Groundball, 4M) | Batting: LHB Kelsey Scott | 0-0: Ball 1-0: Called Strike 1-1: Ball 2-1: Fly out, F7 (Flyball, 78M) | Bottom of the 4th over - 0 runs, 0 hits, 0 errors, 0 left on base; Bismarck 1 - Bismark 5 | TOP OF THE 5TH |
---|
Bismarck Barons batting - Pitching for Bismark Border Guards : RHP Adrián Sandoval | Batting: RHB Fernando Castellanos | 0-0: Called Strike 0-1: Foul Ball, location: 2F 0-2: SINGLE (Groundball, 6D) | Batting: RHB Xie-li Fong | 0-0: Ball 1-0: Called Strike 1-1: Grounds into double play, 5-4-3 (Groundball, 56D) | Batting: LHB Jorge Fernández | 0-0: Ground out U3 (Groundball, 3S) | Top of the 5th over - 0 runs, 1 hit, 0 errors, 0 left on base; Bismarck 1 - Bismark 5 | BOTTOM OF THE 5TH |
---|
Bismark Border Guards batting - Pitching for Bismarck Barons : LHP César Galván | Batting: RHB Alfredo Farías | 0-0: Ball 1-0: SINGLE (Groundball, 56) (infield hit) | Batting: RHB Vincent Braun | 0-0: Called Strike 0-1: Called Strike 0-2: DOUBLE (Line Drive, 7LM) Alfredo Farías to third | Batting: RHB Jackson Gibson | 0-0: Ball 1-0: Foul Ball, location: 2F 1-1: Ground out 5-3 (Groundball, 56S) Alfredo Farías scores Vincent Braun to third | Pitching: RHP Neil Birss | | Batting: RHB Danny Spode | 0-0: Ball 1-0: Called Strike 1-1: Ball 2-1: Foul Ball, location: 2F 2-2: Ball 3-2: Base on Balls | Batting: RHB Mario Carranza | 0-0: Swinging Strike 0-1: Called Strike 0-2: Fly out, F7 (Flyball, 7LS) Runner from 3rd tags up, SCORES, no throw | Batting: LHB Alan Moore | 0-0: Called Strike 0-1: SINGLE (Line Drive, 8LS) Danny Spode to second | Batting: RHB José Vidal | 0-0: Called Strike 0-1: Swinging Strike 0-2: Foul Ball, location: 2F 0-2: Strikes out swinging | Bottom of the 5th over - 2 runs, 3 hits, 0 errors, 2 left on base; Bismarck 1 - Bismark 7 | TOP OF THE 6TH |
---|
Bismarck Barons batting - Pitching for Bismark Border Guards : RHP Adrián Sandoval | Batting: RHB Mark Roy | 0-0: Foul Ball, location: 2F 0-1: Foul Ball, location: 2F 0-2: Strikes out looking | Batting: RHB Rubén Palma | 0-0: Ball 1-0: Ball 2-0: Ground out 4-3 (Groundball, 34) | Batting: RHB Dave Anderson | 0-0: Called Strike 0-1: SINGLE (Line Drive, 8LS) | Batting: RHB Eugenio Maldonado | 0-0: Foul Ball, location: 2F 0-1: Ball 1-1: Fly out, F8 (Flyball, 78M) | Top of the 6th over - 0 runs, 1 hit, 0 errors, 1 left on base; Bismarck 1 - Bismark 7 | BOTTOM OF THE 6TH |
---|
Bismark Border Guards batting - Pitching for Bismarck Barons : RHP Neil Birss | Batting: RHB Oliver Sánchez | 0-0: Ball 1-0: SINGLE (Groundball, 34D) | Batting: LHB Kelsey Scott | 0-0: Ball 1-0: Called Strike 1-1: Ball 2-1: Ball 3-1: Called Strike 3-2: Foul Ball, location: 2F 3-2: Base on Balls Oliver Sánchez to second | Batting: RHB Alfredo Farías | 0-0: Ball 1-0: Ball 2-0: Called Strike 2-1: Foul Ball, location: 2F 2-2: Strikes out looking | Batting: RHB Vincent Braun | 0-0: Called Strike 0-1: Ball 1-1: Swinging Strike 1-2: Ball 2-2: Foul Ball, location: 2F 2-2: Ball 3-2: Foul Ball, location: 2F 3-2: Foul Ball, location: 2F 3-2: SINGLE (Line Drive, 6M) Oliver Sánchez to third Kelsey Scott to second Runner from 3rd tries for Home, SAFE, no throw | Batting: RHB Jackson Gibson | 0-0: Called Strike 0-1: Swinging Strike 0-2: Ball 1-2: Strikes out swinging | Batting: RHB Danny Spode | 0-0: Fielders Choice at 2nd, 6-4 (Groundball, 6) | Bottom of the 6th over - 1 run, 2 hits, 0 errors, 2 left on base; Bismarck 1 - Bismark 8 | TOP OF THE 7TH |
---|
Bismarck Barons batting - Pitching for Bismark Border Guards : RHP Adrián Sandoval | Batting: RHB Dennis Garner | 0-0: Called Strike 0-1: Swinging Strike 0-2: Strikes out looking | Batting: LHB Corey MacGregor | 0-0: Called Strike 0-1: Ground out 4-3 (Groundball, 4) | Batting: RHB Fernando Castellanos | 0-0: Fly out, F9 (Flyball, 89M) | Top of the 7th over - 0 runs, 0 hits, 0 errors, 0 left on base; Bismarck 1 - Bismark 8 | BOTTOM OF THE 7TH |
---|
Bismark Border Guards batting - Pitching for Bismarck Barons : RHP Neil Birss | Batting: RHB Mario Carranza | 0-0: Fly out, F7 (Flyball, 7D) | Batting: LHB Alan Moore | 0-0: Called Strike 0-1: Ball 1-1: Ball 2-1: Ball 3-1: Base on Balls | Batting: RHB José Vidal | 0-0: Swinging Strike 0-1: Ball 1-1: Ball 2-1: Ball 3-1: Base on Balls Alan Moore to second | Batting: RHB Oliver Sánchez | 0-0: Ball 1-0: Ball 2-0: Ball 3-0: Called Strike 3-1: Grounds into double play, 6-4-3 (Groundball, 6) | Bottom of the 7th over - 0 runs, 0 hits, 0 errors, 1 left on base; Bismarck 1 - Bismark 8 | TOP OF THE 8TH |
---|
Bismarck Barons batting - Pitching for Bismark Border Guards : RHP Adrián Sandoval | Batting: RHB Xie-li Fong | 0-0: Called Strike 0-1: Ball 1-1: Ball 2-1: Fly out, F8 (Flyball, 8RD) | Batting: LHB Jorge Fernández | 0-0: Ball 1-0: Fly out, F8 (Flyball, 8LD) | Batting: RHB Mark Roy | 0-0: Foul Ball, location: 2F 0-1: Ball 1-1: Fly out, F6 (Line Drive, 6) | Top of the 8th over - 0 runs, 0 hits, 0 errors, 0 left on base; Bismarck 1 - Bismark 8 | BOTTOM OF THE 8TH |
---|
Bismark Border Guards batting - Pitching for Bismarck Barons : RHP Neil Birss | Batting: LHB Kelsey Scott | 0-0: Called Strike 0-1: Ball 1-1: Foul Ball, location: 2F 1-2: SINGLE (Groundball, 3S) (infield hit) | Batting: RHB Alfredo Farías | 0-0: Grounds into double play, 4-6-3 (Groundball, 4) | Batting: RHB Vincent Braun | 0-0: Ball 1-0: Fly out, F8 (Flyball, 8RM) | Bottom of the 8th over - 0 runs, 1 hit, 0 errors, 0 left on base; Bismarck 1 - Bismark 8 | TOP OF THE 9TH |
---|
Bismarck Barons batting - Pitching for Bismark Border Guards : RHP Adrián Sandoval | Batting: RHB Rubén Palma | 0-0: Foul Ball, location: 2F 0-1: Swinging Strike 0-2: Ground out 5-3 (Groundball, 56) | Batting: RHB Dave Anderson | 0-0: Called Strike 0-1: DOUBLE (Line Drive, 9) | Batting: RHB Eugenio Maldonado | 0-0: SINGLE (Line Drive, 78S) Dave Anderson to third | Batting: RHB Dennis Garner | 0-0: Ball Wild Pitch! Dave Anderson scores Eugenio Maldonado to second 1-0: SINGLE (Line Drive, 4D) Eugenio Maldonado to third | Batting: LHB Corey MacGregor | 0-0: Swinging Strike 0-1: Fly out, F8 (Flyball, 8LXD) Runner from 3rd tags up, SCORES, no throw | Batting: RHB Fernando Castellanos | 0-0: Ball 1-0: Called Strike 1-1: Swinging Strike 1-2: Foul Ball, location: 2F 1-2: Strikes out swinging | Top of the 9th over - 2 runs, 3 hits, 0 errors, 1 left on base; Bismarck 3 - Bismark 8 | |